 Dungeon Crawl Stone Soup version 0.32-a0-656-g3542139ebd (webtiles) character file.

Game seed: 4826529864573248266

1005 ytrimaz the Ruffian (level 8, -1/72 HPs)
             Began as an Octopode Shapeshifter on Mar 8, 2024.
             Was an Initiate of Ashenzari.
             Slain by an ice beast (14 damage)
             ... on level 7 of the Dungeon.
             The game lasted 00:04:44 (5179 turns).

ytrimaz the Ruffian (Octopode Shapeshifter)         Turns: 5179, Time: 00:04:45

Health: -1/72      AC: 24    Str: 13    XL:     8   Next: 20%
Magic:  17/17      EV:  2    Int: 15    God:    Ashenzari [......]
Gold:   242        SH:  0    Dex: 11    Spells: 7/7 levels left

rFire   . .          .
                       - Unarmed
rCold   . . .        (no shield)
rNeg    . . .        (helmet currently unavailable)
rPois   +            (no amulet)
rElec   .            l - ring of magical power
rCorr   .            p - ring of wizardry
SInv    .            (no ring)
Will    .....        (no ring)
Stlth   ++           (no ring)
HPRegen 0.32/turn    (no ring)
MPRegen 0.15/turn    (no ring)
                     (no ring)

%: wizardry (x1)
@: tree-form
A: stationary, stasis, torment immunity, boosted hp, almost no armour,
(amphibious), 8 rings, (camouflage 1), (gelatinous body 1), (nimble swimmer 1),
(tentacles)
a: Renounce Religion


You were on level 7 of the Dungeon.
You worshipped Ashenzari.
Ashenzari was noncommittal.
You were a tree.
You visited 2 branches of the dungeon, and saw 8 of its levels.

You collected 242 gold pieces.


Innate Abilities, Weirdness & Mutations

You are a tree.
Your roots penetrate the ground, keeping you stationary.
You cannot be teleported.
You are immune to unholy pain and torment.
Your maximum health is greatly increased.
You cannot wear most types of armour.
((You are amphibious.))
You can wear up to eight rings at the same time.
((Your skin changes colour to match your surroundings (Stealth+).))
((Your rubbery body absorbs attacks. (AC +1, EV +1)))
((You are camouflaged when in or above water. (Stealth+)))
((You have tentacles for arms and can constrict up to eight enemies at once.))


   Skills:
 - Level 1.0 Fighting
 + Level 6.4 Dodging
 - Level 4.0 Stealth
 + Level 6.8 Unarmed Combat
 + Level 3.1 Shapeshifting


You had 7 spell levels left.
You didn't know any spells.
Your spell library contained the following spells:

 Spells                   Type           Power      Damage    Failure   Level
 Apportation              Tloc           0%         N/A       11%         1
 Necrotise                Necr           0%         1d4       11%         1
 Sting                    Conj/Alch      0%         1d3       11%         1
 Summon Small Mammal      Summ           0%         N/A       11%         1
 Lesser Beckoning         Tloc           0%         N/A       16%         2
 Mercury Vapours          Alch/Air       0%         N/A       16%         2
 Gell's Gravitas          Tloc           0%         N/A       32%         3
 Teleport Other           Tloc           0%         N/A       32%         3
 Olgreb's Toxic Radiance  Alch           0%         N/A       69%         4

Inventory:

Jewellery
 l - a ring of magical power (left branch)
   (You found it on level 3 of the Dungeon)
 m - a ring of ice
   (You found it on level 6 of the Dungeon)
 p - a ring of wizardry (right branch)
   (You found it on level 5 of the Dungeon)
Talismans
 b - a beast talisman (active)
 c - a flux talisman
 q - a serpent talisman
   (You found it on level 6 of the Dungeon)
Scrolls
 g - 2 scrolls of fog
 j - 4 scrolls of teleportation
 k - a scroll of acquirement
 n - a scroll of butterflies
Potions
 a - 2 potions of lignification
 d - 2 potions of ambrosia
 e - 2 potions of mutation
 f - 5 potions of curing
 h - 2 potions of cancellation
 i - a potion of heal wounds
 s - a potion of magic {unknown}

Dungeon Overview and Level Annotations

Branches:
Dungeon (7/15) Zot: 26887  Temple (1/1) D:6 Zot: 5989

Altars:
Ashenzari
Cheibriados
Dithmenos
Elyvilon
Fedhas
Gozag
Hepliaklqana
Kikubaaqudgha
Makhleb
Nemelex Xobeh
Okawaru
Qazlal
Ru
Sif Muna
Trog
Uskayaw
Vehumet
Wu Jian
Xom
Yredelemnul
Zin
The Shining One

Annotations:
D:6 1 runed translucent door, ragingrage's ghost, weakling TrDe

#### ..#
#Y# ####♣#
#....#
#.####
#...#
#.#####
#.....#
#######.##
#.....#.#
##.##.##.#


You could see an ice beast.


Message History

Key pressed, stopping explore.
Found a stone staircase leading up.
Key pressed, stopping explore.
You see here a bullfrog skeleton.
An orc comes into view.
It is wielding a +0 hand axe of flaming.
An orc is nearby!
An orc is nearby!
You bludgeon the orc!
You kill the orc!
You see here a +0 hand axe of flaming.
Unknown command.
You see here a +0 hand axe of flaming.
Key pressed, stopping explore.
You see here a bullfrog skeleton.
Key pressed, stopping explore.
There is a stone staircase leading up here.
There is a large open door here.
There is a large open door here.
Ragingrage's ghost turns its malevolent gaze towards you.
Could not explore, unopened runed door.
There is a large open door here.
There is a large open door here.
There is a staircase to the Ecumenical Temple here.
There is an open door here.
There is an open door here.
There is a stone staircase leading down here.
You see here an adder skeleton.
As you read the scroll of identify, it crumbles to dust.
n - a scroll of butterflies
As you read the scroll of identify, it crumbles to dust.
i - a potion of heal wounds The air fills with toxic fumes!
As you read the scroll labelled WOTASE TURYBOO, it crumbles to dust.
It was a scroll of poison.
You start waiting.
Done waiting.
You climb downwards.
You hear the roar of battle.
There is an entrance to a bailey on this level.
Hurry and find it before the portal closes forever!
You have a vision of a gate.
There is a stone staircase leading up here.
A bullfrog comes into view.
The bullfrog croaks.
You tentacle-slap the bullfrog. You grab the bullfrog.
You squeeze the bullfrog! You constrict the bullfrog. The bullfrog hits you.
The bullfrog completely misses you. 😕 HP[-2]
You take 2 damage, and now have 46/48 hp.
You bludgeon the bullfrog!
You kill the bullfrog! 😕 HP[+1] Unknown command.
You hear the faint creaking of a very distant portcullis.
Key pressed, stopping explore.
You hear the faint creaking of a very distant portcullis.
An ice beast comes into view. 😎 HP[+1]
Your hp is fully restored (48).
An ice beast is nearby!
Unknown command.
The helpless ice beast fails to defend itself.
You bludgeon the ice beast! The ice beast barely misses you.
You tentacle-slap the ice beast but do no damage.
The ice beast misses you.
You closely miss the ice beast. The ice beast completely misses you.
Unknown command.
You tentacle-slap the ice beast.
Your tentacle-slap misses the ice beast.
The ice beast hits you. The ice beast freezes you! 😮 HP[-15]
You take 15 damage, and now have 33/48 hp.
MASSIVE DAMAGE!! (PAUSE)
You tentacle-slap the ice beast.
You tentacle-slap the ice beast, but do no damage.
The ice beast hits you. The ice beast freezes you!
* * * LOW HITPOINT WARNING * * *
😨 HP[-14]
You take 14 damage, and now have 19/48 hp.
MASSIVE DAMAGE!! (PAUSE) Unknown command.
You barely miss the ice beast. You tentacle-slap the ice beast.
The ice beast hits you.
* * * LOW HITPOINT WARNING * * *
The ice beast freezes you!
* * * LOW HITPOINT WARNING * * *
😱 HP[-10]
You take 10 damage, and now have 9/48 hp.
MASSIVE DAMAGE!! (PAUSE)
Your transformation has ended.
You turn into a tree.
Your roots penetrate the ground.
The ice beast hits you but does no damage. 😱 HP[+5]
You now have 72 max hp (+24).
You regained 5 hp, and now have 14/72 hp.
Unknown command.
You barely miss the ice beast. You closely miss the ice beast.
The ice beast hits you.
* * * LOW HITPOINT WARNING * * *
The ice beast freezes you!
You die...

Skill      XL: |  1  2  3  4  5  6  7 |
---------------+----------------------+-----
Dodging        | 3 4 5 6 |  6.4
Unarmed Combat | 4 5 6 |  6.8
Stealth        | 2 4 |  4.0
Fighting       | |  1.0
Shapeshifting  | |  3.1

Action                     |  1- 3 |  4- 6 |  7- 9 || total
---------------------------+-------+-------+-------++-------
  Melee: Unarmed           |    58 |   108 |    48 ||   214
         Constrict         |    17 |    33 |    18 ||    68
         Tentacles         |    14 |    24 |    16 ||    54
         Punch             |     1 |     6 |     5 ||    12
    Use: Scroll            |     3 |     7 |     5 ||    15
         Potion            |       |     1 |     1 ||     2
   Stab: Sleeping          |     7 |    11 |     6 ||    24
 Armour: Skin              |    28 |    41 |    14 ||    83
  Dodge: Dodged            |    34 |    56 |    18 ||   108

Levels and vault maps discovered:
D:1:      scummos_arrival_checkerplants, layout_loops_ring,
          shapermc_ecumenical_altar_gd
D:2:      layout_basic, chequers_jeans
D:3:      layout_basic
D:4:      layout_gridville, mainiacjoe_overflow_alcove_4,
          nicolae_ru_path_of_blood
D:5:      layout_loops_ring, uniq_menkaure
D:6:      layout_basic, minmay_temple_entry_wispy, ebering_ghost_xom
D:7:      layout_basic, enter_bailey_7, uniq_maurice
Temple:   hellmonk_temple_of_storms

Notes
Turn   | Place    | Note
-------+----------+-------------------------------------------
     0 | D:1      | ytrimaz the Octopode Shapeshifter began the quest for the
                  | Orb.
     0 | D:1      | Reached XP level 1. HP: 13/13 MP: 1/1
     0 | D:1      | magus.rc [v1.9.6]
    25 | D:1      | HP: 3/13 [constriction (1)]
   159 | D:1      | Reached XP level 2. HP: 10/18 MP: 2/2
   272 | D:1      | You add the spells Sting, Mercury Vapours and Olgreb's
                  | Toxic Radiance to your library.
   425 | D:1      | Reached XP level 3. HP: 20/23 MP: 3/3
   501 | D:1      | Found a faded altar of an unknown god.
   714 | D:1      | Reached skill level 3 in Dodging
  1214 | D:2      | Reached skill level 4 in Unarmed Combat
  1214 | D:2      | Reached XP level 4. HP: 24/28 MP: 4/4
  1304 | D:2      | Identified a scroll of acquirement
  1963 | D:3      | Reached XP level 5. HP: 33/33 MP: 5/5
  2053 | D:3      | You pick up a book of Cantrips and begin reading...
  2053 | D:3      | You add the spells Necrotise, Summon Small Mammal and
                  | Apportation to your library.
  2452 | D:4      | Reached skill level 4 in Dodging
  2483 | D:4      | Found a bloodstained altar of Trog.
  2584 | D:4      | Reached skill level 5 in Unarmed Combat
  2608 | D:4      | Reached XP level 6. HP: 38/38 MP: 6/6
  3096 | D:4      | Found a sacrificial altar of Ru.
  3158 | D:4      | Reached skill level 5 in Dodging
  3310 | D:5      | Entered Level 5 of the Dungeon
  3366 | D:5      | Reached skill level 1 in Stealth
  3447 | D:5      | Reached skill level 2 in Stealth
  3447 | D:5      | Reached XP level 7. HP: 37/43 MP: 7/7
  3710 | D:5      | Reached skill level 3 in Stealth
  3748 | D:5      | Noticed Menkaure
  3752 | D:5      | Killed Menkaure
  3753 | D:5      | Reached skill level 4 in Stealth
  3753 | D:5      | Reached skill level 6 in Unarmed Combat
  4074 | D:6      | Reached skill level 6 in Dodging
  4151 | D:6      | Found a staircase to the Ecumenical Temple.
  4154 | D:6      | Reached XP level 8. HP: 48/48 MP: 8/8
  4173 | Temple   | Entered the Ecumenical Temple
  4178 | Temple   | Became a worshipper of Ashenzari the Shackled
  4188 | D:6      | You pick up a book of Displacement and begin reading...
  4188 | D:6      | You add the spells Lesser Beckoning, Gell's Gravitas and
                  | Teleport Other to your library.
  4339 | D:6      | Found a runed translucent door.
  4339 | D:6      | Found a shimmering altar of Xom.
  4339 | D:6      | Noticed a +0 rapier of chaos
  4339 | D:6      | Noticed ragingrage's ghost (weakling TrDe)
  5176 | D:7      | HP: 9/48 [ice beast (10)]
  5179 | D:7      | Slain by an ice beast

Vanquished Creatures
  Menkaure (D:5)
  3 bullfrogs
  2 scorpions
  A howler monkey (D:5)
  A bombardier beetle (D:5)
  2 hounds (D:6)
  A jelly (D:5)
  5 iguanas
  An orc wizard (D:6)
  4 gnolls (D:4)
  10 adders
  A white imp (D:6)
  2 ribbon worms (D:3)
  3 dart slugs
  11 orcs
  8 ball pythons
  5 bats
  10 endoplasms
  5 giant cockroaches
  4 goblins
  9 hobgoblins
  5 jackals (D:2)
  5 kobolds
  A quokka (D:1)
  5 frilled lizards
  9 rats
114 creatures vanquished.

Table legend:
 A = Non-vault XP
 B = Vault XP
 C = Vault XP percentage of total XP
 D = Non-vault monster count
 E = Vault monster count
 F = Vault count percentage of total count
                 A         B        C        D         E       F
            +---------+---------+-------+---------+---------+-------
      Total |    1254 |     183 |  12.7 |     113 |       1 |   0.9
            +---------+---------+-------+---------+---------+-------
        D:1 |      56 |       0 |   0.0 |      31 |       0 |   0.0
        D:2 |      88 |       0 |   0.0 |      24 |       0 |   0.0
        D:3 |      51 |       0 |   0.0 |      14 |       0 |   0.0
        D:4 |     340 |       0 |   0.0 |      19 |       0 |   0.0
        D:5 |     344 |     183 |  34.7 |      10 |       1 |   9.1
        D:6 |     285 |       0 |   0.0 |      14 |       0 |   0.0
        D:7 |      90 |       0 |   0.0 |       1 |       0 |   0.0
            +---------+---------+-------+---------+---------+-------

Skill      XL: |  1  2  3  4  5  6  7 |
---------------+----------------------+-----
Dodging        | 3 4 5 6 |  6.4
Unarmed Combat | 4 5 6 |  6.8
Stealth        | 2 4 |  4.0
Fighting       | |  1.0
Shapeshifting  | |  3.1

Action                     |  1- 3 |  4- 6 |  7- 9 || total
---------------------------+-------+-------+-------++-------
  Melee: Unarmed           |    58 |   108 |    48 ||   214
         Constrict         |    17 |    33 |    18 ||    68
         Tentacles         |    14 |    24 |    16 ||    54
         Punch             |     1 |     6 |     5 ||    12
    Use: Scroll            |     3 |     7 |     5 ||    15
         Potion            |       |     1 |     1 ||     2
   Stab: Sleeping          |     7 |    11 |     6 ||    24
 Armour: Skin              |    28 |    41 |    14 ||    83
  Dodge: Dodged            |    34 |    56 |    18 ||   108

Illustrated notes

Table legend:
 A = Kills in this place as a percentage of kills in the entire game.
 B = Kills by you in this place as a percentage of kills by you in the entire game.
 C = Kills by friends in this place as a percentage of kills by friends in the entire game.
 D = Other kills in this place as a percentage of other kills in the entire game.
 E = Experience gained in this place as a percentage of experience gained in the entire game.
 F = Experience gained in this place divided by the number of levels of this place that you have seen.
                   A       B       C       D       E      F
               +-------+-------+-------+-------+-------+----------------------
         Total | 100.0 | 100.0 |   N/A |   N/A | 100.0 | 179.6
       Dungeon | 100.0 | 100.0 |   N/A |   N/A | 100.0 | 205.3
               +-------+-------+-------+-------+-------+----------------------

Table legend: (Time is in decaauts)
 A = Elapsed time spent in this place.
 B = Non-inter-level travel time spent in this place.
 C = Inter-level travel time spent in this place.
 D = Time resting spent in this place.
 E = Time spent auto-exploring this place.
 F = Levels seen in this place.
 G = Mean time per level.
                   A        B        C        D        E       F      G
               +--------+--------+--------+--------+--------+-----+--------+
         Total |   5157 |   5001 |    156 |    204 |   4005 |   8 |  644.6 |
       Dungeon |   5146 |   4994 |    152 |    204 |   4005 |   7 |  735.1 |
        Temple |     10 |      6 |      4 |      0 |      0 |   1 |   10.0 |
               +--------+--------+--------+--------+--------+-----+--------+

Top non-repeatable levels by time:
     D:6: 1010 daAuts
     D:1: 945 daAuts
     D:2: 920 daAuts
     D:4: 876 daAuts
     D:5: 727 daAuts
     D:3: 555 daAuts
     D:7: 111 daAuts
  Temple: 10 daAuts
